 Dungeon Crawl Stone Soup version 0.30-a0-358-g0d69a1922f (webtiles) character file.

Game seed: 15869893800269945146

3921 michalidesi the Blocker (level 10, -1/76 (84) HPs)
             Began as a Minotaur Berserker on Nov 8, 2022.
             Was a High Priest of Trog.
             Slain by a two-headed ogre
             ... wielding a +0 giant club
              (13 damage)
             ... on level 8 of the Dungeon on Nov 9, 2022.
             The game lasted 02:32:59 (9617 turns).

michalidesi the Blocker (Minotaur Berserker)        Turns: 9617, Time: 02:32:59

HP:   -1/76 (84)    AC: 14    Str: 29    XL:     10   Next: 1%
MP:   9/9           EV:  9    Int:  4    God:    Trog [*****.]
Gold: 213           SH:  0    Dex: 19    Spells: 9/9 levels left

rFire   . . .      SeeInvis .    m - +3 battleaxe
rCold   . . .      Faith    .    (shield currently unavailable)
rNeg    . . .      Spirit   .    B - +0 plate armour
rPois   .          Reflect  .    (helmet restricted)
rElec   .          Harm     .    (no cloak)
rCorr   .          Rampage  .    (no gloves)
Will    .....                    F - +0 pair of boots
Stlth   ..........               H - amulet of the acrobat
HPRegen 0.32/turn                u - +6 ring of dexterity
MPRegen 0.11/turn                g - +6 ring of strength

@: drained
A: horns 2, retaliatory headbutt
a: Renounce Religion, Berserk, Trog's Hand, Brothers in Arms


You were on level 8 of the Dungeon.
You worshipped Trog.
Trog was extremely pleased with you.
You visited 2 branches of the dungeon, and saw 10 of its levels.

You collected 404 gold pieces.
You spent 191 gold pieces at shops.

Inventory:

Hand Weapons
 m - a +3 battleaxe (weapon)
 q - a +2 hand axe of freezing
 x - a +1 flail of protection
 Q - the +6 dagger "Urig" {vorpal, rN++ Str+2}
   (You found it on level 8 of the Dungeon)

   It inflicts extra damage upon your enemies.
   Str:       It affects your strength (+2).
   rN:        It greatly protects you from negative energy.
 Y - a +2 hand axe of flaming
Missiles
 c - a curare-tipped dart
 i - 49 stones
 o - 3 poisoned darts (quivered)
Armour
 e - +2 swamp dragon scales
 B - a +0 plate armour (worn)
 F - a +0 pair of boots (worn)
 T - a +0 tower shield
Jewellery
 g - a +6 ring of strength (right hand)
 u - a +6 ring of dexterity (left hand)
 E - a +4 ring of protection
 H - an amulet of the acrobat (around neck)
 U - a ring of poison resistance
Wands
 J - a wand of polymorph (4)
Scrolls
 b - a scroll of vulnerability
 d - 3 scrolls of noise
 h - a scroll of summoning {unknown}
 j - 4 scrolls of identify
 l - a scroll of teleportation
 r - a scroll of enchant weapon {unknown}
 s - 4 scrolls of amnesia
 v - a scroll of magic mapping
 D - a scroll of enchant armour {unknown}
 G - 2 scrolls of poison {unknown}
 L - a scroll of acquirement {unknown}
 R - a scroll of fear {unknown}
 W - 2 scrolls of immolation {unknown}
 Z - 2 scrolls of blinking
Potions
 a - a potion of brilliance {unknown}
 f - 3 potions of berserk rage
 k - 3 potions of lignification {unknown}
 t - 3 potions of degeneration {unknown}
 z - a potion of ambrosia {unknown}
 C - 2 potions of attraction {unknown}
 I - 2 potions of might
 N - 3 potions of curing
 X - 2 potions of cancellation {unknown}


   Skills:
 + Level 6.4 Fighting
 + Level 4.9(7.7) Axes
 + Level 7.0(7.7) Maces & Flails
 + Level 5.7(6.6) Polearms
 + Level 5.4 Throwing
 + Level 7.4 Armour
 + Level 2.8 Dodging
 + Level 0.2 Stealth
 + Level 8.2 Shields
 + Level 0.6 Evocations


You had 9 spell levels left.
You didn't know any spells.
Your spell library contained the following spells:

 Spells                   Type           Power      Damage    Failure   Level
 Freeze                   Ice            0%         1d3       99%         1
 Frozen Ramparts          Ice            0%         1d1       100%        3
 Hailstorm                Conj/Ice       0%         3d3       100%        3
 Airstrike                Air            0%         2d(0-16)  100%        4
 Passage of Golubria      Tloc           0%         N/A       100%        4
 Summon Lightning Spire   Summ/Air       0%         N/A       100%        4
 Lightning Bolt           Conj/Air       0%         1d11      100%        5
 Silence                  Hex/Air        0%         N/A       100%        5
 Lehudib's Crystal Spear  Conj/Erth      0%         10d2      100%        8


Dungeon Overview and Level Annotations

Branches:
Dungeon (9/15)             Temple (1/1) D:4
   Lair: D:8-11         Orc: D:9-12

Altars:
Ashenzari
Dithmenos
Elyvilon
Fedhas
Gozag
Hepliaklqana
Kikubaaqudgha
Makhleb
Okawaru
Sif Muna
Trog
Uskayaw
Vehumet
Wu Jian
Xom
Yredelemnul
The Shining One

Shops:
D:7 (

Annotations:
D:9 Grum


Innate Abilities, Weirdness & Mutations

You have a pair of horns on your head.
You reflexively headbutt those who attack you in melee.


Message History

Your ogre is no longer berserk.
Your ogre disappears in a puff of smoke!
HP restored.
Press: ? - help, v - describe, . - travel The floor.
Things that are here:
a +3 battleaxe; a +0 robe; a wolf corpse
m - a +3 battleaxe You can't wield that with only one hand.
You start removing your armour.
You continue taking off your +0 tower shield. x4
You finish taking off your +0 tower shield.
Your +2 hand axe of freezing stops glowing.
m - a +3 battleaxe (weapon)
There is a stone staircase leading down, spattered with blood here.
You climb downwards.
Level annotation: Grum The orc wizard casts a spell at you.
The puff of flame hits you but does no damage.
The wight barely misses you. The wight hits you with a +0 mace!
The two-headed ogre misses you.
The two-headed ogre hits you with a +0 giant club!
The wight hits you with a +1 long sword!
You feel drained. The orc hits you but does no damage.
The orc wizard hits you but does no damage.
The wight closely misses you. The wight hits you but does no damage.
There is a stone staircase leading up, spattered with blood here.
The two-headed ogre barely misses you. The two-headed ogre closely misses you.
The wight barely misses you. The orc closely misses you.
The wight hits you but does no damage.
The wight hits you from afar with a +4 halberd of freezing!
You feel drained. The wight freezes you.
You climb upwards.
There is a stone staircase leading down, spattered with blood here.
The wight attacks as you move away! The wight barely misses you.
The two-headed ogre attacks as you move away!
The two-headed ogre hits you with a +0 giant club!!
* * * LOW HITPOINT WARNING * * *
The two-headed ogre hits you with a +0 giant club!
You die...

##.#####...#
#.......##... #....##...#
#...######### ####..))###
##.##...## ####)#
####.#.###.# #...#
#....'.#.'.#
#....######.####.###.#
#...........# ##...##
#...###).z..#############
#######†@O.....#.).......
#..z[.####.#.########
####.....# #....#
#........# #....#
#.##.....###....#
#.#..)..........########
#.#..#######............
#.#..# #.....#######
#.##########..#...#.##


You could see a two-headed ogre and 2 wights.

Vanquished Creatures
  A wyvern (D:8)
  A steam dragon (D:6)
  Menkaure (D:5)
  3 orc warriors
  An ice beast (D:3)
  2 black bears
  2 ogres
  A sky beast (D:6)
  2 wolves (D:8)
  A kobold brigand (D:8)
  3 bullfrogs (D:7)
  2 necrophages
  3 scorpions
  8 wights (D:8)
  4 killer bees (D:8)
  3 howler monkeys
  A jelly (D:6)
  5 hounds
  6 orc priests
  Jessica (D:2)
  Terence (D:2)
  3 iguanas
  11 orc wizards
  A killer bee simulacrum (D:8)
  Robin (D:3)
  3 gnolls (D:7)
  10 adders
  A shadow imp (D:7)
  A white imp (D:6)
  3 worms
  3 dart slugs (D:1)
  48 orcs
  6 ball pythons
  8 endoplasms
  3 giant cockroaches
  21 goblins
  13 hobgoblins
  2 jackals (D:1)
  4 quokkas
  8 bats
  A frilled lizard (D:1)
  12 kobolds
  9 rats
224 creatures vanquished.

Vanquished Creatures (collateral kills)
  A wolf (D:8)
  A bullfrog (D:8)
2 creatures vanquished.

Grand Total: 226 creatures vanquished

Notes
Turn   | Place    | Note
-------+----------+-------------------------------------------
     0 | D:1      | michalidesi the Minotaur Berserker began the quest for the
                  | Orb.
     0 | D:1      | Reached XP level 1. HP: 19/19 MP: 0/0
   124 | D:1      | Reached XP level 2. HP: 27/27 MP: 1/1
   486 | D:1      | Reached XP level 3. HP: 32/33 MP: 2/2
   489 | D:1      | Reached ** piety under Trog
  1316 | D:2      | Noticed Jessica
  1333 | D:2      | Killed Jessica
  1334 | D:2      | Reached skill level 5 in Polearms
  1334 | D:2      | Reached XP level 4. HP: 41/41 MP: 3/3
  1610 | D:2      | Noticed Terence
  1640 | D:2      | HP: 1/41 [Terence/+1 flail of protection (2)]
  1641 | D:2      | Killed Terence
  1900 | D:2      | Reached XP level 5. HP: 44/44 MP: 4/4
  2268 | D:3      | Found a faded altar of an unknown god.
  2310 | D:3      | Noticed an ice beast
  2328 | D:3      | Killed an ice beast
  2329 | D:3      | Reached skill level 1 in Maces & Flails
  2329 | D:3      | Reached skill level 1 in Throwing
  2434 | D:3      | Noticed Robin
  2437 | D:3      | Reached *** piety under Trog
  2446 | D:3      | Killed Robin
  2447 | D:3      | Reached XP level 6. HP: 54/55 MP: 5/5
  3157 | D:3      | Reached skill level 5 in Fighting
  3230 | D:4      | Found a shimmering altar of Xom.
  3682 | D:4      | Reached **** piety under Trog
  3692 | D:4      | Reached XP level 7. HP: 61/61 MP: 6/6
  3843 | D:4      | Found a staircase to the Ecumenical Temple.
  4046 | D:4      | Reached skill level 5 in Maces & Flails
  4046 | D:4      | Reached skill level 1 in Shields
  4189 | D:4      | Reached skill level 2 in Shields
  4345 | D:4      | Found a burning altar of Makhleb.
  4348 | D:4      | Noticed a cacodemon
  4692 | Temple   | Entered the Ecumenical Temple
  4807 | D:5      | Entered Level 5 of the Dungeon
  4892 | D:5      | Reached skill level 3 in Shields
  5076 | D:5      | Upgraded the game from 0.30-a0-355-g4c39ff33d3 to
                  | 0.30-a0-358-g0d69a1922f
  5238 | D:5      | Found a blossoming altar of Fedhas.
  5238 | D:5      | Found a hazy altar of Hepliaklqana.
  5477 | D:5      | Noticed Menkaure
  5490 | D:5      | Killed Menkaure
  5491 | D:5      | Reached skill level 5 in Armour
  5491 | D:5      | Reached skill level 4 in Shields
  5491 | D:5      | Reached XP level 8. HP: 51/70 MP: 7/7
  6198 | D:6      | Found a white marble altar of Elyvilon.
  6278 | D:6      | Reached skill level 5 in Shields
  6629 | D:6      | Reached skill level 1 in Axes
  6754 | D:6      | Reached skill level 6 in Shields
  6796 | D:6      | You fall into a shaft and drop 1 floor!
  6796 | D:7      | Found Micrell's Weapon Emporium.
  6800 | D:7      | Bought a +2 hand axe of freezing for 191 gold pieces
  7153 | D:7      | Reached XP level 9. HP: 75/75 MP: 8/8
  7157 | D:7      | Found a bloodstained altar of Trog.
  7163 | D:7      | Found a glowing golden altar of the Shining One.
  7164 | D:7      | Found a shadowy altar of Dithmenos.
  7280 | D:7      | Reached skill level 7 in Shields
  7448 | D:7      | Found a broken altar of Ashenzari.
  8234 | D:8      | Identified the +6 dagger "Urig" {vorpal, rN++ Str+2}
  8331 | D:8      | Reached ***** piety under Trog
  8973 | D:8      | Reached skill level 8 in Shields
  9169 | D:8      | Reached skill level 5 in Throwing
  9400 | D:9      | Noticed Grum
  9440 | D:9      | Noticed a two-headed ogre
  9453 | D:8      | Reached XP level 10. HP: 31/81 MP: 9/9
  9617 | D:8      | Slain by a two-headed ogre

Illustrated notes

Levels and vault maps discovered:
D:1:      dpeg_arrival_subterranean_lakeside_camping, layout_basic,
          hangedman_decor_slide_cut
D:2:      layout_basic, minmay_close_crescents, uniq_jessica, uniq_terence
D:3:      layout_loops_ring, ebering_ecumenical_altar_webs, skrybe_limestone_x,
          minmay_fractal_squares_diagonal_5, uniq_robin
D:4:      wander_river, layout_basic, nicolae_overflow_crystal_walls,
          makhleb_altar_promises_db, minmay_temple_entry_stoned_glass,
          guppyfry_early_orc_mine
D:5:      layout_basic, gammafunk_temple_overflow_statue, uniq_menkaure
D:6:      layout_gridville, mainiacjoe_overflow_cross_hatched,
          nicolae_concentric_dashed_squares_wild
D:7:      layout_loops_ring, minitemple, lemuel_coloured_pillars_altar,
          serial_shops, nicolae_shop_hallway_stairs
D:8:      layout_basic, kennysheep_just_a_vault
D:9:      minmay_shrinking_squares, layout_basic, erik_lair_orcish_takeover,
          doesnt_shop_hydraphobe, uniq_grum, uniq_harold
Temple:   nicolae_temple_bog_church

Skill      XL: |  1  2  3  4  5  6  7  8  9 |
---------------+----------------------------+-----
Polearms       | 4 5 |  5.7
Fighting       | 4 5 6 |  6.4
Armour         | 3 4 5 7 |  7.4
Maces & Flails | 1 4 5 6 7 |  7.0
Throwing       | 1 2 3 5 |  5.4
Shields        | 4 6 8 |  8.2
Axes           | 1 4 |  4.9
Dodging        | |  2.8
Stealth        | |  0.2
Evocations     | |  0.6

Action                   |  1- 3 |  4- 6 |  7- 9 | 10-12 || total
-------------------------+-------+-------+-------+-------++-------
Melee: Spear             |    80 |    25 |       |       ||   105
       Headbutt          |    19 |    21 |    66 |       ||   106
       Dagger            |     2 |       |       |       ||     2
       Flail             |       |   113 |   145 |       ||   258
       Hand axe          |       |       |   168 |       ||   168
       War axe           |       |       |    14 |       ||    14
Throw: Stone             |    11 |     2 |    24 |       ||    37
       Throwing net      |     2 |     1 |       |       ||     3
       Dart              |       |    31 |    52 |       ||    83
       Javelin           |       |       |     6 |       ||     6
       Boomerang         |       |       |     4 |       ||     4
Invok: Brothers in Arms  |       |       |     1 |       ||     1
Evoke: Wand              |       |     5 |     2 |       ||     7
  Use: Scroll            |       |       |     9 |       ||     9
       Potion            |       |       |     3 |       ||     3
Armor: Ring mail         |     4 |       |       |       ||     4
       Chain mail        |    20 |     7 |       |       ||    27
       Plate armour      |       |    77 |   218 |     5 ||   300
Dodge: Dodged            |    22 |    37 |    88 |     8 ||   155
Block: Tower shield      |       |    14 |   365 |       ||   379

Table legend: (Time is in decaauts)
 A = Elapsed time spent in this place.
 B = Non-inter-level travel time spent in this place.
 C = Inter-level travel time spent in this place.
 D = Time resting spent in this place.
 E = Time spent auto-exploring this place.
 F = Levels seen in this place.
 G = Mean time per level.
                   A        B        C        D        E       F      G
               +--------+--------+--------+--------+--------+-----+--------+
         Total |   9818 |   9788 |     30 |   1450 |      0 |  10 |  981.8 |
       Dungeon |   9752 |   9722 |     30 |   1450 |      0 |   9 | 1083.6 |
        Temple |     65 |     65 |      0 |      0 |      0 |   1 |   65.0 |
               +--------+--------+--------+--------+--------+-----+--------+

Top non-repeatable levels by time:
     D:4: 1563 daAuts
     D:8: 1423 daAuts
     D:5: 1256 daAuts
     D:1: 1239 daAuts
     D:7: 1188 daAuts
     D:6: 1044 daAuts
     D:2: 1027 daAuts
     D:3: 999 daAuts
  Temple: 65 daAuts
     D:9: 10 daAuts
